AoeStats
← Jadwigga

Black Forest

510205660Analyzed
4v4 RM · 2d ago on Sep 29, 2026· 29m 38s· 8 players
Game mode
Random Map
Map size
Large (8 player)
Population
200
Speed
Normal
Resources
Standard
Victory
Conquest
Starting age
Dark Age
Ending age
Imperial Age
RankedLock teamsTeams togetherTeam positionsShared explorationLock speedFull tech treeHidden civsTurbo modeCheats
Victory
Defeat
🇧🇦 Cumans · Bosnia & Herzegovina
1271
+12
🇯🇴 Malians · Jordan
1265
+12
🇷🇴 Britons · Romania
1241
+13
🇬🇧 Japanese · United Kingdom
1231
+13
🇺🇸 Lithuanians · United States
1264
-16
🇨🇦 Spanish · Canada
1214
-14
🇨🇦 Slavs · Canada
1137
-11
🇺🇸 Danes · United States
1077
-9
Sheepeehs
0:56 Loom
12:34 Feudal Age
16:42 Castle Age
16:22 Man-at-Arms
17:11 Double-Bit Axe
17:54 Arson
21:39 Horse Collar
22:24 Fletching
24:52 Wheelbarrow
25:50 Bow Saw
25:45 Bodkin Arrow
26:08 Fishing Lines
27:27 Gillnets
28:29 Hand Cart
28:30 Heavy Plow
32:00 Imperial Age
29:35 Town Watch
Jadwigga
3:39 Loom
9:22 Feudal Age
9:59 Double-Bit Axe
10:15 Horse Collar
17:05 Castle Age
18:27 Bow Saw
19:30 Heavy Plow
22:46 Wheelbarrow
22:33 Stone Mining
22:39 Gold Mining
24:28 Hand Cart
25:22 Town Watch
27:29 Gold Shaft Mining
27:42 Town Patrol
30:34 Imperial Age
28:33 Fletching
28:44 Padded Archer Armor
29:23 Bodkin Arrow
1godi
9:02 Feudal Age
9:43 Double-Bit Axe
9:47 Horse Collar
15:50 Wheelbarrow
15:53 Gold Mining
21:30 Castle Age
20:05 Bloodlines
20:01 Scale Barding Armor
20:06 Forging
22:26 Bow Saw
21:46 Capped Ram
24:30 Chain Barding Armor
25:00 Stone Mining
26:35 Heavy Plow
28:09 Hand Cart
30:47 Iron Casting
Prince Of The Darkness
2:47 Loom
12:44 Feudal Age
17:04 Castle Age
15:41 Double-Bit Axe
16:31 Stone Mining
19:04 Bow Saw
19:30 Town Watch
23:26 Scale Mail Armor
26:37 Chain Mail Armor
26:33 Forging
26:28 Fletching
27:57 Horse Collar
30:34 Wheelbarrow
Jonathanium
1:00 Loom
12:09 Feudal Age
15:51 Castle Age
14:28 Double-Bit Axe
14:26 Horse Collar
18:36 Bow Saw
18:30 Heavy Plow
23:44 Fletching
victor002
12:19 Feudal Age
16:24 Castle Age
15:00 Double-Bit Axe
15:01 Horse Collar
18:24 Heavy Plow
22:39 Wheelbarrow
21:53 Loom
22:32 Bow Saw
25:30 Hand Cart
25:02 Town Watch
31:35 Imperial Age
29:16 Husbandry
29:27 Bloodlines
29:26 Scale Barding Armor
29:32 Forging
elsuum_93
1:21 Loom
13:11 Feudal Age
17:03 Castle Age
15:00 Double-Bit Axe
21:38 Wheelbarrow
22:41 Horse Collar
24:14 Hand Cart
28:33 Town Watch
Detective TOIR
3:06 Loom
12:25 Feudal Age
16:42 Castle Age
15:21 Double-Bit Axe
16:03 Horse Collar
18:39 Fervor
20:28 Bow Saw
20:56 Gold Mining
20:58 Stone Mining
26:39 Forging
Connection lost

Rejoining the realm…

Still unreachable

The connection could not be restored.

Session expired

The server has moved on; the page needs a fresh start.